 Dungeon Crawl Stone Soup version 0.28-a0-915-gcd63401287 (webtiles) character file.

Game seed: 10783540817135998580

11552 mcbry74 the Earth Mage (level 11, -2/54 HPs)
             Began as a Gargoyle Earth Elementalist on Nov 25, 2021.
             Was a Priest of Vehumet.
             Killed from afar by a manticore (4 damage)
             ... with a volley of spikes
             ... on level 10 of the Dungeon.
             The game lasted 01:05:00 (12474 turns).

mcbry74 the Earth Mage (GrEE)                      Turns: 12474, Time: 01:05:01

Health: -2/54      AC: 20    Str: 12    XL:     11   Next: 79%
Magic:  3/25       EV: 11    Int: 28    God:    Vehumet [***...]
Gold:   548        SH:  0    Dex: 10    Spells: 5/16 levels left

rFire   . . .      SeeInvis .   S - staff of earth
rCold   . . .      Faith    .   (no shield)
rNeg    + + .      Spirit   .   O - +0 steam dragon scales
rPois   ∞          Reflect  .   P - +1 helmet {Int+3}
rElec   +          Harm     .   W - +0 cloak of a Hundred Leaping Yaks {*Slow rElec rPois rN+}
rCorr   .          Rampage  .   F - +0 pair of gloves
Will    .....                   E - +2 pair of boots
Stlth   ++........              (no amulet)
HPRegen 0.18/turn               B - ring of magical power
MPRegen 0.19/turn               v - +6 ring of intelligence

@: spiked
A: sickness immunity, AC +8, negative energy resistance 1, electricity
resistance, torment resistance 1, petrification resistance
a: Renounce Religion


You were on level 10 of the Dungeon.
You worshipped Vehumet.
Vehumet was most pleased with you.
You visited 2 branches of the dungeon, and saw 11 of its levels.

You collected 548 gold pieces.

Inventory:

Hand Weapons
 j - a +0 dagger
 T - a +2 demon blade of freezing
Missiles
 d - 5 silver javelins
 k - 175 arrows
 o - 3 boomerangs
 u - 7 throwing nets
 A - 47 poisoned darts
 D - a silver boomerang
 V - 21 stones
Armour
 b - a +0 robe
 e - a +0 helmet
 f - a +0 helmet
 y - a +0 pair of boots
 E - a +2 pair of boots (worn)
 F - a +0 pair of gloves (worn)
 O - +0 steam dragon scales (worn)
 P - a +1 helmet of intelligence (worn)
 W - the +0 cloak of a Hundred Leaping Yaks (worn) {*Slow rElec rPois rN+}
   (You found it on level 8 of the Dungeon)

   rElec:     It insulates you from electricity.
   rPois:     It protects you from poison.
   rN:        It protects you from negative energy.
   *Slow:     It may slow you when you take damage.
Magical Staves
 Q - a staff of conjuration
 S - a staff of earth (weapon)
Jewellery
 t - a +6 ring of strength
 v - a +6 ring of intelligence (right hand)
 B - a ring of magical power (left hand)
 M - a ring of willpower
 R - a ring of wizardry
 Z - an amulet of faith
Wands
 x - a wand of acid (10)
 z - a wand of iceblast (11)
 J - a wand of polymorph (10)
 X - a wand of flame (8)
Scrolls
 a - 3 scrolls of enchant armour {unknown}
 l - 2 scrolls of teleportation {unknown}
 n - 2 scrolls of fog {unknown}
 p - 2 scrolls of immolation
 q - 2 scrolls of amnesia
 r - a scroll of torment {unknown}
 C - 4 scrolls of noise {unknown}
 I - 5 scrolls of enchant weapon {unknown}
 K - a scroll of blinking {unknown}
 L - 3 scrolls of summoning {unknown}
 Y - 2 scrolls of brand weapon {unknown}
Potions
 c - a potion of cancellation
 g - 2 potions of brilliance
 h - 2 potions of ambrosia {unknown}
 i - a potion of haste {unknown}
 m - 2 potions of curing
 s - a potion of resistance {unknown}
 w - 3 potions of heal wounds
 G - a potion of flight {unknown}
 H - 3 potions of might {unknown}
 N - a potion of mutation {unknown}
Miscellaneous
 U - a phial of floods


   Skills:
 + Level 1.8 Staves
 - Level 1.5 Dodging
 - Level 2.1 Stealth
 + Level 3.4 Spellcasting
 - Level 10.4 Conjurations
 - Level 1.0 Transmutations
 + Level 8.0 Fire Magic
 - Level 15.0 Earth Magic
 * Level 3.4 Evocations


You had 5 spell levels left.
You knew the following spells:

 Your Spells              Type           Power      Damage    Failure   Level
a - Sandblast             Erth           100%       2d20      0%          1
b - Passwall              Tmut/Erth      54%        N/A       1%          2
c - Stone Arrow           Conj/Erth      100%       3d13      1%          3
d - Sticky Flame          Conj/Fire      54%        2d7       1%          4
e - Foxfire               Conj/Fire      100%       2x1d9     1%          1

Your spell library contained the following spells:

 Spells                   Type           Power      Damage    Failure   Level
 Searing Ray              Conj           100%       2d8       1%          2
 Magic Dart               Conj           100%       1d8       1%          1
 Conjure Flame            Conj/Fire      54%        6-21      1%          3
 Ignite Poison            Fire/Tmut/Pois 21%        N/A       1%          3
 Mephitic Cloud           Conj/Pois/Air  24%        N/A       1%          3
 Petrify                  Tmut/Erth      65%        N/A       3%          4
 Call Imp                 Summ           4%         N/A       12%         2


Dungeon Overview and Level Annotations

Branches:
Dungeon (10/15)            Temple (1/1) D:4
   Lair: D:8-11         Orc: D:9-12

Altars:
Ashenzari
Cheibriados
Dithmenos
Elyvilon
Fedhas
Gozag
Hepliaklqana
Makhleb
Nemelex Xobeh
Okawaru
Qazlal
Ru
Sif Muna
Trog
Uskayaw
Vehumet
Wu Jian
Xom
The Shining One


Innate Abilities, Weirdness & Mutations

You are immune to sickness and miasma.
Your stone body is resilient. (AC +8)
You are immune to poison.
You resist negative energy. (rN+)
You are resistant to electric shocks. (rElec)
You are resistant to unholy torment.
You are immune to petrification.


Message History

Aiming: Stone Arrow (safe; 1% risk of failure)
Press: ? - help, Shift-Dir - straight line, f/p - orc knight
Aim: an orc knight, wielding a +0 great sword and wearing a +0 chain mail (almost dead, 75% to hit)
You feel a surge of power!
The stone arrow misses the orc knight.
The orc knight barely misses you.
Casting: Stone Arrow (safe; 1% risk of failure)
Confirm with . or Enter, or press ? or * to list all spells.
Aiming: Stone Arrow (safe; 1% risk of failure)
Press: ? - help, Shift-Dir - straight line, f/p - orc knight
Aim: an orc knight, wielding a +0 great sword and wearing a +0 chain mail (almost dead, 75% to hit)
You feel a surge of power!
The stone arrow hits the orc knight!!
You kill the orc knight!
Vehumet accepts your kill.
The manticore flicks its tail.
The volley of spikes misses you.
Your Fire Magic skill increases to level 8!
Aiming: Iceblast
Press: ? - help, Shift-Dir - straight line, f - manticore
Aim: a manticore
Okay, then.
Aiming: Corrosive Bolt
Press: ? - help, Shift-Dir - straight line, f - manticore
Aim: a manticore (84% to hit)
The bolt of acid hits the manticore!
The manticore is moderately wounded.
The manticore flicks its tail.
The volley of spikes hits you.
The barbed spikes become lodged in your body.
* * * LOW HITPOINT WARNING * * *
Casting: Stone Arrow (safe; 1% risk of failure)
Confirm with . or Enter, or press ? or * to list all spells.
Aiming: Sandblast (safe; 0% risk of failure)
Press: ? - help, Shift-Dir - straight line, f/p - manticore
Aim: a manticore (moderately wounded, 90% to hit)
You feel a surge of power!
The blast of sand hits the manticore!
The manticore is severely wounded.
The manticore flicks its tail.
The volley of spikes hits you.
The barbed spikes become lodged in your body.
You die...

#.## #............## ...#
##...###.......##
..>########......[........#
....................####..#
..................### ####
................###
...#...........##
.####..#####...####### .#
#.## ##...@).H.### ## ###
##.....#...## #
##.######..## # ### ##..##
# ##..# ## ##.'...... .#
#.#....## .# #.###### ##
.##


You could see a manticore.

Vanquished Creatures
  Harold (D:7)
  2 two-headed ogres (D:8)
  An orc knight (D:10)
  An ugly thing (D:8)
  A cyclops (D:6)
  Maggie (D:7)
  An unseen horror (D:8)
  A troll (D:8)
  Grinder (D:6)
  A hornet (D:10)
  Prince Ribbit (D:6)
  Sigmund (D:6)
  A shadow (D:8)
  A wraith (D:8)
  4 wyverns
  12 yaks
  3 steam dragons (D:8)
  5 water moccasins
  A black bear (D:4)
  An orc warrior (D:9)
  3 ice beasts
  2 sky beasts (D:7)
  2 necrophages
  2 ogres
  4 centaurs
  A phantom (D:6)
  2 kobold brigands
  A gnoll sergeant (D:5)
  A bullfrog (D:6)
  3 scorpions
  A water moccasin skeleton (D:5)
  7 killer bees
  3 wights (D:7)
  3 howler monkeys (D:9)
  2 centaur zombies
  A bullfrog zombie (D:7)
  2 gnoll shamans
  A centaur skeleton (D:7)
  4 hounds
  An orc priest (D:8)
  2 bullfrog skeletons
  A scorpion zombie (D:5)
  7 iguanas
  6 orc wizards
  A hound skeleton (D:4)
  6 adders
  13 gnolls
  2 shadow imps
  A white imp (D:7)
  2 ufetubi
  4 worms
  4 dart slugs
  31 orcs
  4 bats
  7 endoplasms
  5 giant cockroaches
  3 goblins
  11 hobgoblins
  2 jackals (D:2)
  2 quokkas
  8 ball pythons
  5 frilled lizards
  16 kobolds
  5 rats
235 creatures vanquished.

Vanquished Creatures (others)
  3 foxfires
3 creatures vanquished.

Grand Total: 238 creatures vanquished

Notes
Turn   | Place    | Note
-------+----------+-------------------------------------------
     0 | D:1      | mcbry74 the Gargoyle Earth Elementalist began the quest for
                  | the Orb.
     0 | D:1      | Reached XP level 1. HP: 10/10 MP: 3/3
    86 | D:1      | Reached skill level 1 in Transmutations
   150 | D:1      | Reached XP level 2. HP: 15/15 MP: 1/5
   272 | D:1      | Found a faded altar of an unknown god.
   327 | D:1      | Reached skill level 4 in Earth Magic
  1078 | D:2      | Reached XP level 3. HP: 18/19 MP: 2/7
  1454 | D:2      | Found a burning altar of Makhleb.
  1632 | D:2      | Reached XP level 4. HP: 24/24 MP: 6/8
  2011 | D:3      | Reached skill level 5 in Earth Magic
  2247 | D:3      | Learned a level 2 spell: Passwall
  2251 | D:3      | Learned a level 3 spell: Stone Arrow
  2260 | D:3      | Reached skill level 1 in Conjurations
  2410 | D:3      | Reached XP level 5. HP: 28/28 MP: 6/9
  3074 | D:4      | Noticed a black bear
  3144 | D:4      | Killed a black bear
  3145 | D:4      | Reached skill level 6 in Earth Magic
  3145 | D:4      | Reached XP level 6. HP: 32/32 MP: 5/10
  3726 | D:4      | Found a staircase to the Ecumenical Temple.
  3728 | D:4      | Noticed a necrophage
  3732 | D:4      | Killed a necrophage
  3736 | Temple   | Entered the Ecumenical Temple
  3899 | Temple   | Became a worshipper of Vehumet
  4222 | D:4      | Reached skill level 7 in Earth Magic
  4222 | D:4      | Reached XP level 7. HP: 36/36 MP: 11/11
  4441 | D:5      | Entered Level 5 of the Dungeon
  4576 | D:5      | Reached skill level 5 in Conjurations
  4843 | D:5      | Reached skill level 8 in Earth Magic
  4845 | D:5      | Reached XP level 8. HP: 28/41 MP: 11/12
  5126 | D:5      | Learned a level 4 spell: Sticky Flame
  5197 | D:5      | Reached skill level 1 in Fire Magic
  5363 | D:5      | Found a hazy altar of Hepliaklqana.
  5531 | D:5      | Reached skill level 9 in Earth Magic
  5905 | D:6      | Identified the +1 scale mail of Subjectivity {Contam rC++}
  5918 | D:6      | Reached * piety under Vehumet
  5918 | D:6      | Offered knowledge of Shock by Vehumet.
  5974 | D:6      | Noticed a cyclops
  6014 | D:6      | Killed a cyclops
  6015 | D:6      | Reached skill level 10 in Earth Magic
  6015 | D:6      | Reached XP level 9. HP: 45/45 MP: 10/13
  6499 | D:6      | Noticed Sigmund
  6501 | D:6      | Killed Sigmund
  6847 | D:6      | Noticed Grinder
  6872 | D:6      | Reached skill level 11 in Earth Magic
  6882 | D:6      | Paralysed by Grinder for 7 turns
  6889 | D:6      | Killed Grinder
  7275 | D:7      | Noticed Prince Ribbit
  7334 | D:6      | Killed Prince Ribbit
  7479 | D:7      | Reached skill level 12 in Earth Magic
  7480 | D:7      | Reached skill level 5 in Fire Magic
  7482 | D:7      | Reached XP level 10. HP: 50/50 MP: 14/14
  7530 | D:7      | Offered knowledge of Foxfire by Vehumet.
  7533 | D:7      | Learned a level 1 spell: Foxfire
  7549 | D:7      | Noticed Maggie
  7560 | D:7      | Killed Maggie
  7698 | D:7      | Reached ** piety under Vehumet
  8022 | D:7      | Noticed Harold
  8036 | D:7      | Killed Harold
  8037 | D:7      | Reached skill level 13 in Earth Magic
  8854 | D:7      | Reached skill level 14 in Earth Magic
  8859 | D:7      | Reached XP level 11. HP: 13/54 MP: 4/15
  9113 | D:8      | Found an iron altar of Okawaru.
  9159 | D:8      | Noticed a two-headed ogre
  9163 | D:8      | Killed a two-headed ogre
  9226 | D:8      | Reached skill level 10 in Conjurations
  9729 | D:8      | Noticed a two-headed ogre
  9735 | D:8      | Killed a two-headed ogre
  9931 | D:8      | Reached skill level 1 in Evocations
 10067 | D:8      | Offered knowledge of Searing Ray by Vehumet.
 10081 | D:8      | Noticed a cyan ugly thing
 10098 | D:8      | Killed a cyan ugly thing
 10371 | D:8      | Reached skill level 15 in Earth Magic
 10412 | D:8      | Identified the +0 cloak of a Hundred Leaping Yaks {*Slow
                  | rElec rPois rN+}
 10847 | D:9      | Found a white marble altar of Elyvilon.
 11226 | D:9      | Found a glowing golden altar of the Shining One.
 11232 | D:9      | Found a stormy altar of Qazlal.
 11235 | D:9      | Found a blossoming altar of Fedhas.
 11235 | D:9      | Found a snail-covered altar of Cheibriados.
 11242 | D:9      | Found a shadowy altar of Dithmenos.
 11405 | D:9      | Reached skill level 1 in Staves
 11537 | D:9      | Reached *** piety under Vehumet
 11993 | D:10     | Entered Level 10 of the Dungeon
 12456 | D:10     | Noticed an orc knight
 12457 | D:10     | Noticed a manticore
 12472 | D:10     | Killed an orc knight
 12473 | D:10     | HP: 1/54 [manticore/volley of spikes (5)]
 12474 | D:10     | Killed from afar by a manticore

Illustrated notes

Levels and vault maps discovered:
D:1:      dpeg_arrival_solitude, layout_rooms,
          hellmonk_ecumenical_altar_run_dry, serial_bayou_pond_e
D:2:      layout_loops_ring, basic_altar, corner_web_ring,
          minmay_fractal_squares_gapless_5
D:3:      layout_basic
D:4:      layout_rooms, minmay_temple_entry_large_hall
D:5:      layout_basic, nzn_hepliaklqana_mist_gate
D:6:      layout_loops_corners, uniq_sigmund, uniq_grinder
D:7:      layout_basic, uniq_maggie, uniq_harold, uniq_prince_ribbit1
D:8:      minmay_the_grid_four_pointed_star
          [minmay_the_grid_triangle_9x9_longest,
          minmay_the_grid_triangle_9x9_corrupted_corridor,
          minmay_the_grid_triangle_9x9_zippers_vertical,
          minmay_the_grid_triangle_9x9_dagger,
          minmay_the_grid_prize_four_corners_diamond_a], layout_cave_pods,
          okawaru_metal_pillars_3, item_on_display_a
D:9:      layout_long_grid, nicolae_overflow_hallway_of_the_gods,
          elyvilon_altar_3, kennysheep_small_square
D:10:     minmay_sliced_demisemicircle, layout_layer_cave, tgw_kikubaaqudgha
Temple:   nicolae_temple_figure_eight

Skill      XL: |  1  2  3  4  5  6  7  8  9 10 11 |
---------------+----------------------------------+-----
Transmutations | 1 |  1.0
Earth Magic    | 4 5 6 7 8 10 12 14 15 | 15.0
Spellcasting   | 3 |  3.4
Conjurations   | 1 3 4 5 7 8 9 10 | 10.4
Fire Magic     | 3 5 6 8 |  8.0
Evocations     | 3 |  3.4
Staves         | 1 |  1.8
Dodging        | |  1.5
Stealth        | |  2.1

Action                   |  1- 3 |  4- 6 |  7- 9 | 10-12 || total
-------------------------+-------+-------+-------+-------++-------
Melee: Dagger            |       |       |    10 |     3 ||    13
       Staff             |       |       |       |    11 ||    11
 Cast: Sandblast         |    55 |    66 |    67 |    61 ||   249
       Stone Arrow       |       |     9 |    50 |    93 ||   152
       Sticky Flame      |       |       |     1 |    18 ||    19
       Foxfire           |       |       |       |     2 ||     2
Evoke: Wand              |       |       |       |     1 ||     1
  Use: Scroll            |       |     2 |     2 |     3 ||     7
 Stab: Sleeping          |       |       |     1 |       ||     1
Armor: Robe              |     5 |     6 |    25 |       ||    36
       Steam dragon scal |       |       |       |    58 ||    58
Dodge: Dodged            |    14 |     8 |    18 |    38 ||    78

Table legend: (Time is in decaauts)
 A = Elapsed time spent in this place.
 B = Non-inter-level travel time spent in this place.
 C = Inter-level travel time spent in this place.
 D = Time resting spent in this place.
 E = Time spent auto-exploring this place.
 F = Levels seen in this place.
 G = Mean time per level.
                   A        B        C        D        E       F      G
               +--------+--------+--------+--------+--------+-----+--------+
         Total |  12479 |  11945 |    534 |   3758 |   5819 |  11 | 1134.5 |
       Dungeon |  12279 |  11777 |    502 |   3758 |   5660 |  10 | 1227.9 |
        Temple |    199 |    167 |     32 |      0 |    159 |   1 |  199.0 |
               +--------+--------+--------+--------+--------+-----+--------+

Top non-repeatable levels by time:
     D:8: 1832 daAuts
     D:6: 1567 daAuts
     D:7: 1528 daAuts
     D:9: 1362 daAuts
     D:5: 1264 daAuts
     D:3: 1250 daAuts
     D:2: 1183 daAuts
     D:4: 991 daAuts
     D:1: 818 daAuts
    D:10: 480 daAuts
  Temple: 199 daAuts
